 Dungeon Crawl Stone Soup version 0.31-a0-889-g1a8549509d (webtiles) character file.

Game seed: 4059034636724988751

1254 pokeman the Thaumaturge (level 8, -5/44 HPs)
             Began as a Deep Elf Hedge Wizard on Oct 17, 2023.
             Was an Initiate of Vehumet.
             Slain by a gnoll
             ... wielding a +0 halberd
              (12 damage)
             ... on level 7 of the Dungeon.
             The game lasted 00:12:00 (6478 turns).

pokeman the Thaumaturge (Deep Elf Hedge Wizard)     Turns: 6478, Time: 00:12:00

Health: -5/44      AC:  2    Str:  7    XL:     8   Next: 26%
Magic:  18/23      EV: 13    Int: 22    God:    Vehumet [......]
Gold:   347        SH:  5    Dex: 14    Spells: 17/25 levels left

rFire   . . .        e - +1 mace (venom)
rCold   . . .        (no shield)
rNeg    . . .        b - +0 robe
rPois   +            c - +0 hat
rElec   .            (no cloak)
rCorr   .            (no gloves)
SInv    .            (no boots)
Will    .....        A - amulet of reflection
Stlth   ++           k - ring of poison resistance
HPRegen 0.27/turn    (no ring)
MPRegen 0.18/turn

%: reflection
@: no status effects
A: no striking features
a: Renounce Religion


You were on level 7 of the Dungeon.
You worshipped Vehumet.
Vehumet was noncommittal.
You visited 2 branches of the dungeon, and saw 8 of its levels.
You also visited: Sewer.

You collected 347 gold pieces.

Inventory:

Hand Weapons
 e - a +1 mace of venom (weapon)
Armour
 b - a +0 robe (worn)
 c - a +0 hat (worn)
Magical Staves
 v - a staff of earth
Jewellery
 k - a ring of poison resistance (left hand)
 A - an amulet of reflection (around neck)
Wands
 y - a wand of roots (8)
 z - a wand of quicksilver (13)
Scrolls
 g - a scroll of fear {unknown}
 h - 5 scrolls of identify {unknown}
 i - 2 scrolls of summoning {unknown}
 l - a scroll of enchant weapon {unknown}
 n - 2 scrolls of revelation {unknown}
 o - a scroll of fog {unknown}
 p - 2 scrolls of enchant armour {unknown}
 s - 2 scrolls of noise {unknown}
 w - a scroll of blinking
Potions
 a - 4 potions of haste {unknown}
 d - 2 potions of magic
 f - 2 potions of might {unknown}
 j - 3 potions of degeneration {unknown}
 m - a potion of enlightenment {unknown}
 q - a potion of brilliance {unknown}
 r - 2 potions of lignification {unknown}
 t - 2 potions of heal wounds {unknown}
 u - a potion of ambrosia {unknown}
 x - a potion of curing {unknown}
 B - a potion of attraction {unknown}


   Skills:
 - Level 2.0 Fighting
 + Level 2.1 Armour
 - Level 3.1 Dodging
 - Level 3.0 Stealth
 * Level 9.4 Spellcasting
 + Level 4.8 Conjurations
 - Level 1.1 Summonings
 - Level 1.1 Translocations
 - Level 1.1 Air Magic
 + Level 3.6 Earth Magic
 - Level 1.0 Poison Magic
 - Level 1.2 Evocations


You had 17 spell levels left.
You knew the following spells:

 Your Spells              Type           Power      Damage    Failure   Level
a - Magic Dart            Conj           100%       1d8       1%          1
b - Mephitic Cloud        Conj/Pois/Air  20%        N/A       8%          3
c - Call Imp              Summ           30%        N/A       6%          2
d - Blink                 Tloc           30%        N/A       6%          2

Your spell library contained the following spells:

 Spells                   Type           Power      Damage    Failure   Level
 Slow                     Hex            40%        N/A       6%          1
 Cigotuvi's Dreadful Rot  Necr/Pois/Air  26%        N/A       8%          2
 Inner Flame              Hex/Fire       10%        N/A       19%         3
 Yara's Violent Unravell  Hex/Tmut       5%         3d4       87%         5
 Enfeeble                 Hex            5%         N/A       100%        7


Dungeon Overview and Level Annotations

Branches:
Dungeon (7/15)             Temple (1/1) D:4           Sewer (visited)

Altars:
Cheibriados
Dithmenos
Fedhas
Gozag
Hepliaklqana
Kikubaaqudgha
Makhleb
Nemelex Xobeh
Okawaru
Qazlal
Ru
Sif Muna
Trog
Vehumet
Wu Jian
Xom
Yredelemnul
Zin
The Shining One


Message History

The gnoll is engulfed in noxious fumes.
The gnoll appears confused.
The hound is engulfed in noxious fumes.
The hound appears confused.
The hound closely misses you.
Unknown command.
You hit the gnoll.
The gnoll is poisoned.
The gnoll is lightly wounded.
The hound is engulfed in noxious fumes.
The hound appears confused.
The hound barely misses you. The gnoll barely misses you.
The hound is engulfed in noxious fumes.
The hound appears confused.
You block the hound's attack.
Unknown command.
Unknown command.
You hit the hound.
The hound is poisoned.
The hound is lightly wounded.
The hound bites you.
The hound is engulfed in noxious fumes.
The hound appears confused.
The gnoll barely misses you.
The hound is engulfed in noxious fumes.
The hound appears confused.
The hound bites you. You block the gnoll's attack.
The gnoll mumbles something.
The gnoll misses you.
A sleepcap comes into view.
Unknown command.
You barely miss the hound.
The hound is moderately wounded.
You block the hound's attack. The gnoll closely misses you.
The gnoll hits you with a +0 halberd!
The gnoll barely misses itself.
The hound barely misses you.
Unknown command.
Unknown command.
You catch the helpless gnoll completely off-guard!
You hit the gnoll but do no damage.
The gnoll looks as sick as possible!
The gnoll is severely wounded.
The hound bites you.
A steam dragon comes into view.
The gnoll hits you from afar with a +0 halberd!
* * * LOW HITPOINT WARNING * * *
The hound bites you.
* * * LOW HITPOINT WARNING * * *
The hound barely misses you. The gnoll hits you with a +0 halberd!
You die...

P.P....####....#....
........$.##.....# .
...#.#.....#..#.##
....g.........###
............####
.......h.......#
.....g.....#....>.
......hg...#......
...f..h@..........
..................
.....#........#...
....##........#.#.
.## ##.........
.D.........
.......###..
##.....#


You could see a steam dragon (wandering), a sleepcap, 3 hounds and 3 gnolls.

Vanquished Creatures
  2 ogres
  A phantom (D:5)
  3 bullfrogs
  2 scorpions (D:5)
  5 hounds
  A sleepcap (D:5)
  An orc priest (D:3)
  3 jellies
  3 iguanas (D:5)
  An orc wizard (D:5)
  5 adders
  A white imp (D:6)
  4 worms
  9 orcs
  19 ball pythons
  12 endoplasms
  16 giant cockroaches
  6 goblins
  10 hobgoblins
  3 jackals (D:3)
  9 quokkas
  8 bats
  6 frilled lizards
  10 kobolds
  7 rats
147 creatures vanquished.

Vanquished Creatures (collateral kills)
  An ice beast (D:5)
1 creature vanquished.

Grand Total: 148 creatures vanquished

Notes
Turn   | Place    | Note
-------+----------+-------------------------------------------
     0 | D:1      | pokeman the Deep Elf Hedge Wizard began the quest for the
                  | Orb.
     0 | D:1      | Reached XP level 1. HP: 10/10 MP: 7/7
   230 | D:1      | Reached XP level 2. HP: 16/16 MP: 2/9
   781 | D:1      | Reached skill level 5 in Spellcasting
   877 | D:1      | Reached XP level 3. HP: 20/20 MP: 6/11
   885 | D:1      | Learned a level 3 spell: Mephitic Cloud
   888 | D:1      | Learned a level 2 spell: Call Imp
   891 | D:1      | Learned a level 2 spell: Blink
  1161 | D:2      | Reached skill level 1 in Fighting
  1383 | D:2      | Reached skill level 1 in Armour
  1922 | D:3      | Reached XP level 4. HP: 25/25 MP: 11/13
  1938 | D:3      | Found a basalt altar of Yredelemnul.
  2792 | D:4      | Reached skill level 6 in Spellcasting
  2860 | D:4      | Reached XP level 5. HP: 21/29 MP: 3/15
  2892 | D:4      | Reached skill level 1 in Air Magic
  2993 | D:4      | Found a glowing drain.
  3018 | Sewer    | Entered a sewer
  3396 | Sewer    | Reached XP level 6. HP: 34/34 MP: 15/17
  3459 | Sewer    | Reached skill level 1 in Poison Magic
  3644 | Sewer    | Reached skill level 7 in Spellcasting
  3644 | Sewer    | Reached skill level 1 in Earth Magic
  3644 | Sewer    | Reached skill level 1 in Evocations
  3912 | D:4      | You fall into a shaft and drop 3 floors!
  4059 | D:6      | Reached XP level 7. HP: 38/38 MP: 14/20
  4226 | D:5      | Entered Level 5 of the Dungeon
  4279 | D:5      | Reached skill level 8 in Spellcasting
  4884 | D:4      | Found a staircase to the Ecumenical Temple.
  4889 | Temple   | Entered the Ecumenical Temple
  4899 | Temple   | Became a worshipper of Vehumet
  5303 | D:5      | Reached XP level 8. HP: 23/44 MP: 12/22
  5531 | D:5      | Reached skill level 9 in Spellcasting
  6478 | D:7      | Slain by a gnoll

Illustrated notes

Levels and vault maps discovered:
D:1:      dpeg_arrival_leaves_temple_mockup, layout_basic, minmay_cupped
D:2:      layout_basic
D:3:      layout_loops_ring, mainiacjoe_overflow_tiny_flanked
D:4:      layout_gridville, temple_doors_e, gup_sewer_entry_pipe
D:5:      layout_layer_cave
D:6:      layout_gridville
D:7:      layout_cave_pools, gammafunk_ghost_stat_death, dreamdust_gnoll_farm
Temple:   dpeg_three_leaves_temple

Skill      XL: |  1  2  3  4  5  6  7  8 |
---------------+-------------------------+-----
Spellcasting   | 5 6 7 8 9 |  9.4
Fighting       | 1 2 |  2.0
Armour         | 1 2 |  2.1
Conjurations   | 2 3 4 |  4.8
Stealth        | 3 |  3.0
Dodging        | 3 |  3.1
Air Magic      | 1 |  1.1
Poison Magic   | 1 |  1.0
Earth Magic    | 1 3 |  3.6
Evocations     | 1 |  1.2
Summonings     | |  1.1
Translocations | |  1.1

Action                     |  1- 3 |  4- 6 |  7- 9 || total
---------------------------+-------+-------+-------++-------
  Melee: Mace              |    13 |    47 |    48 ||   108
         Punch             |       |       |     3 ||     3
   Cast: Magic Dart        |    99 |   156 |    85 ||   340
         Mephitic Cloud    |     2 |     4 |    12 ||    18
         Call Imp          |       |       |     4 ||     4
         Blink             |       |       |     2 ||     2
   Stab: Confused          |     2 |     4 |     5 ||    11
         Distracted        |       |     1 |       ||     1
         Sleeping          |       |     1 |       ||     1
 Armour: Robe              |     9 |    40 |    39 ||    88
  Dodge: Dodged            |    19 |    49 |    36 ||   104
  Block: Other             |       |       |     4 ||     4

Table legend: (Time is in decaauts)
 A = Elapsed time spent in this place.
 B = Non-inter-level travel time spent in this place.
 C = Inter-level travel time spent in this place.
 D = Time resting spent in this place.
 E = Time spent auto-exploring this place.
 F = Levels seen in this place.
 G = Mean time per level.
                   A        B        C        D        E       F      G
               +--------+--------+--------+--------+--------+-----+--------+
         Total |   6589 |   6447 |    142 |     88 |   5341 |   9 |  732.1 |
       Dungeon |   5780 |   5645 |    135 |     88 |   4695 |   7 |  825.7 |
        Temple |     18 |     11 |      7 |      0 |      0 |   1 |   18.0 |
         Sewer |    790 |    790 |      0 |      0 |    645 |   1 |  790.0 |
               +--------+--------+--------+--------+--------+-----+--------+

Top non-repeatable levels by time:
     D:5: 1657 daAuts
     D:1: 1020 daAuts
     D:3: 889 daAuts
     D:2: 882 daAuts
     D:4: 817 daAuts
   Sewer: 790 daAuts
     D:6: 490 daAuts
     D:7: 22 daAuts
  Temple: 18 daAuts
